Semilg, lawful female dwarven Valkyrie ####[#############[#[###_#)* #.-.-.---------------------------- ------- h|........(...(.....!./..........| |.....|###########|.----....-----.----|--..-----..| |.....| #@|.|..|---.|...|.-..|..|..|)*%|..| |.....| ##|.|..|..|.|._)|.|++|..|..|=*[|..| |..<..-######)###P|.-|-|..|.|...-*--------.|/..|..| ----- -.----- :|....|..|.|...|...I-.!.|.-|---...########|.>.| # @|.{..-|--)----|....|...|+.......| #...^| ### d|.....=%...-..|.--.-----..-----.| |...| # #|....-|--*.|..|..|........-...|.| ----- ### d|.-.-|..|.----|..||---....|...|.| # #|.|..|..|.|)".|--|...|---.-----.| # #|.|..|---.-...|..|...|..........| ------+- #|.|..|....|=..|..|...|..|.......| |......| #|.----....-----|---------.....{.| |......-###########|............)..................| |......| #--------------------------------- -------- ### Semilg the Skirmisher Experience level: 5 Strength: 20 Dexterity: 10 Constitution: 18 Intelligence: 8 Wisdom: 9 Charisma: 9 Health: 0(82) Energy: 0(0) Def: 8 Gold: 0 Moves: 4222 Dungeon seed: OpW1hluIkFUB0MvG Game ID: Semilg_1631383224 Your Inventory: Weapons a - an uncursed +1 long sword (weapon in hand) v - 6 uncursed +0 orcish daggers (in quiver) F - a blessed corroded +0 axe Armor e - an uncursed +3 small shield n - a blessed +3 pair of jumping boots (being worn) y - an uncursed +0 leather armor (being worn) K - an uncursed +0 orcish cloak (being worn) X - an uncursed +0 Uruk-hai shield (being worn) Y - a blessed +0 orcish helm (being worn) Scrolls t - an uncursed scroll of blank paper Spellbooks G - an uncursed spellbook of fireball Rings u - an uncursed +1 ring of increase accuracy (on left hand) Wands Q - an uncursed wand of sleep (0:4) U - an uncursed wand of teleportation (0:3) Tools m - an uncursed tinning kit (0:85) o - an uncursed tin opener s - an uncursed magic lamp (lit) O - an uncursed mirror Spells and supernatural/magical abilities: Name Level Category Cost Memory W - pray for help -- divine ? -- Y - supernatural jump -- ability ? -- Your skills at the end: Fighting Skills wands [Basic] Weapon Skills dagger [Basic] long sword [Basic] Spellcasting Skills Final Attributes: You were piously aligned. You were immune to cold. You were telepathic. You had infravision. You were stealthy. You could jump. You had a +1 bonus to hit. You were unlucky. You angered your god 222 turns ago. Tyr was slightly angry at you. You are dead. Vanquished creatures: a vampire a leprechaun a dingo a wood nymph 3 Uruk-hai a rock piercer a rock mole a shrieker 2 gnome lords a kobold mummy a guardian naga hatchling 2 gray oozes an elf zombie a giant ant a little dog a floating eye 11 hill orcs 5 rothes a rabid rat a giant bat 5 iguanas a coyote a hobbit a large kobold 4 cave spiders 2 brown molds a yellow mold a green mold 7 gnomes a gnome zombie 2 geckos 9 jackals a fox 3 kobolds 4 goblins 3 grid bugs 3 bats 6 lichens a kobold zombie 9 newts 103 creatures vanquished. Voluntary challenges: You used a wielded weapon 38 times, starting on turn 182. You read items or engraved 3 times, starting on turn 3914. You never genocided any monsters. You never polymorphed an object. You never changed form. You used no wishes. You never split a pudding. You never wrote Elbereth's name. You never violated your personal moral code. Dungeon overview: The Dungeons of Doom: levels 1 to 3 Level 1 a long staircase Level 2 stairs to The Gnomish Mines Level 3 The Gnomish Mines: levels 3 to 7 Level 3 stairs to The Dungeons of Doom Level 4 Level 5 <- You were here some shops, a temple to Loki, some fountains Level 6 Level 7 History has recorded: On T:1 you entered the Dungeons of Doom to retrieve the Amulet of Yendor! On T:189 you reached level 2 of The Dungeons of Doom. On T:489 you reached level 3 of The Dungeons of Doom. On T:743 you reached level 1 of The Gnomish Mines. On T:806 you advanced to experience level 2. On T:1275 you reached level 2 of The Gnomish Mines. On T:1284 you advanced to experience level 3. On T:1613 you reached level 3 of The Gnomish Mines. On T:2124 you advanced to experience level 4. On T:2829 you reached level 4 of The Gnomish Mines. On T:3125 you advanced to experience level 5. On T:3222 you reached level 5 of The Gnomish Mines. Score breakdown: Gold: 0 ( 0 points) Experience: 5 levels (11141 points) Exploration: 7 levels ( 14.58%) (10718 points) Discoveries: 13 items ( 5.20%) ( 6841 points) Valuables value: (no points given unless you survive) Artifact value: 0 ( 0 points) Variety of kills: 40 monsters ( 10.53%) ( 9733 points) Turncount: 4222 turns (-1104 points) Survival: died (score multiplied by 80%) Total score: 29863 Latest messages: The iguana bites! The Uruk-hai zaps a wand of polymorph! The iguana bites! (2x) The iguana misses. The black naga hatchling displaces the gnome. The black pudding displaces the gnome. The iguana misses. The black pudding displaces the gnome. The iguana bites! (2x) The black naga hatchling displaces the gnome. The iguana bites! (2x) You come to. [35 turns] You hit the iguana! You miss the iguana. The iguana bites! You hear Aklavik cursing shoplifters. You are now wielding your long sword. You faint from lack of food. The iguana bites! (3x) You die... Final status: Farvel Semilg the Valkyrie, killed by an iguana, while fainted from lack of food... You died in The Gnomish Mines on dungeon level 5 with 29863 points, and 0 pieces of gold, after 4222 moves. You were level 5 with a maximum of 82 hit points when you died.